 Dungeon Crawl Stone Soup version 0.22-b1-21-g5cfc168 (webtiles) character file.

30 letownia2 the Insei (level 3, 0/26 HPs)
             Began as a Demonspawn Transmuter on Aug 5, 2018.
             Slain by an adder (1 damage)
             ... on level 2 of the Dungeon.
             The game lasted 00:02:55 (546 turns).

letownia2 the Insei (Demonspawn Transmuter)          Turns: 546, Time: 00:02:56

Health: 0/26       AC:  2    Str: 11    XL:     3   Next: 3%
Magic:  6/6        EV: 12    Int: 14    God:
Gold:   48         SH:  0    Dex: 13    Spells: 3/6 levels left

rFire    . . .     SeeInvis .     - Unarmed
rCold    . . .     Gourm    .   (no shield)
rNeg     . . .     Faith    .   b - +0 robe
rPois    .         Spirit   .   (no helmet)
rElec    .         Reflect  .   (no cloak)
rCorr    .         Harm     .   (no gloves)
MR       .....                  (no boots)
Stlth    ++........             (no amulet)
HPRegen  0.08/turn              (no ring)
MPRegen  0.10/turn              (no ring)

@: lethally poisoned (0 -> -5)
A: nightstalker 1
a: no special abilities


You were on level 2 of the Dungeon.
You were not hungry.

You visited 1 branch of the dungeon, and saw 2 of its levels.

You collected 48 gold pieces.

Inventory:

Missiles
 a - 11 arrows
 h - 7 javelins (quivered)
Armour
 b - a +0 robe (worn)
 e - a +0 chain mail
Scrolls
 f - a scroll of blinking {unknown}
 g - a scroll of magic mapping {unknown}
 i - a scroll of identify {unknown}
Potions
 c - 2 potions of agility {unknown}
Comestibles
 d - 3 rations


   Skills:
 - Level 1.0 Fighting
 - Level 1.7 Dodging
 + Level 3.8 Unarmed Combat
 - Level 2.0 Spellcasting
 - Level 1.7 Transmutations


You had 3 spell levels left.
You knew the following spells:

 Your Spells              Type           Power        Failure   Level  Hunger
a - Beastly Appendage     Tmut           #.....       12%         1    ##.....
l - Sticks to Snakes      Tmut           #.......     17%         2    ###....

Your spell library contained the following spells:

 Spells                   Type           Power        Failure   Level  Hunger
 Spider Form              Tmut/Pois      #.........   45%         3    ####...
 Blade Hands              Tmut           #.........   97%         5    ######.
 Ice Form                 Ice/Tmut       #.......     86%         4    #####..


Dungeon Overview and Level Annotations

Branches:
Dungeon (2/15)

Altars:


Innate Abilities, Weirdness & Mutations

You are slightly more attuned to the shadows.


Message History

* * * LOW HITPOINT WARNING * * *
You hit the adder.
The adder is heavily wounded.
The adder barely misses you.
You completely miss the adder.
The adder is heavily wounded.
* * * LOW HITPOINT WARNING * * *
You feel sick. The adder barely misses you.
You closely miss the adder.
The adder is heavily wounded.
The adder bites you.
* * * LOW HITPOINT WARNING * * *
A jackal comes into view.
You barely miss the adder.
The adder is heavily wounded.
* * * LOW HITPOINT WARNING * * *
You feel sick.
The jackal barks!
The adder bites you.
You die...

#####........
#............
#..........## #......
...........##.#....$##.
.#..........#.#........
..........#............
.>........# #.........(
..####†.### #...S....##
..# #...# #...@.....#
..# ##..## #..........
..####....###..........
...#...##..##..........
...#.### #.#.†.........
.....#####..<........#.
.<..................h#
....######.#.........#
....# #.#..........


You could see an adder and a jackal.

Vanquished Creatures
  An adder (D:2)
  A worm (D:1)
  4 bats
  2 giant cockroaches
  2 hobgoblins (D:1)
  3 jackals
  2 kobolds (D:1)
  3 rats (D:1)
18 creatures vanquished.

Notes
Turn   | Place    | Note
-------+----------+-------------------------------------------
     0 | D:1      | letownia2 the Demonspawn Transmuter began the quest for the Orb.
     0 | D:1      | Reached XP level 1. HP: 15/15 MP: 3/3
   173 | D:1      | Reached skill level 3 in Unarmed Combat
   211 | D:1      | Gained mutation: You are slightly more attuned to the shadows. [demonic ancestry]
   211 | D:1      | Reached XP level 2. HP: 17/21 MP: 5/5
   497 | D:1      | Learned a level 2 spell: Sticks to Snakes
   505 | D:1      | Reached XP level 3. HP: 15/26 MP: 3/6
   546 | D:2      | HP: 1/26 [poisoned by an adder]
   546 | D:2      | Slain by an adder

Skill      XL: |  1 |
---------------+----+-----
Unarmed Combat | 3 |  3.8
Fighting       | |  1.0
Dodging        | |  1.7
Spellcasting   | |  2.0
Transmutations | |  1.7

Action                   || total
-------------------------++-------
Melee: Unarmed           ||    65
       Headbutt          ||     6
       Kick              ||     4
Throw: Javelin           ||     5
 Cast: Beastly Appendage ||    10
       Sticks to Snakes  ||     1
 Stab: Sleeping          ||     2
Armor: Robe              ||    18
Dodge: Dodged            ||    56
